 Dungeon Crawl Stone Soup version 0.31.0-12-g77e489cdc1 (webtiles) character file.

Game seed: 5442522419044098283

214 Killerpretzel the Changeling (level 5, -7/35 HPs)
             Began as an Octopode Shapeshifter on Mar 2, 2024.
             Splashed by a jelly's acid (9 damage)
             ... on level 4 of the Dungeon.
             The game lasted 00:02:08 (2888 turns).

Killerpretzel the Changeling (OpSh)                 Turns: 2888, Time: 00:02:09

Health: -7/35      AC: -11   Str: 13    XL:     5   Next: 92%
Magic:  5/5        EV: 14    Int: 19    God:
Gold:   192        SH:  0    Dex: 13    Spells: 4/4 levels left

rFire   . .          .
                       - Unarmed
rCold   . . .        (no shield)
rNeg    . . .        (helmet currently unavailable)
rPois   .            (no amulet)
rElec   .            j - +6 ring of intelligence
rCorr   .            (no ring)
SInv    .            (no ring)
Will    .....        (no ring)
Stlth   ++           (no ring)
HPRegen 0.25/turn    (no ring)
MPRegen 0.09/turn    (no ring)
                     (no ring)

%: no passive effects
@: beast-form, corroded
A: beast (slay +2), almost no armour, amphibious, 8 rings, camouflage 1,
gelatinous body 1, (nimble swimmer 1), tentacles
a: Begin Untransformation


You were on level 4 of the Dungeon.
You were a hulking beast.
You visited 1 branch of the dungeon, and saw 4 of its levels.

You collected 192 gold pieces.

Inventory:

Missiles
 g - 2 throwing nets (quivered)
Jewellery
 j - a +6 ring of intelligence (left tentacle)
Talismans
 b - a beast talisman
 c - a flux talisman
Wands
 k - a wand of polymorph (8)
Scrolls
 h - a scroll of vulnerability
Potions
 a - a potion of lignification
 d - a potion of attraction {unknown}
 e - a potion of enlightenment
 f - a potion of berserk rage


   Skills:
 + Level 2.4 Fighting
 + Level 3.1 Dodging
 + Level 4.0 Unarmed Combat
 * Level 4.3 Shapeshifting


You had 4 spell levels left.
You didn't know any spells.
Your spell library was empty.

Dungeon Overview and Level Annotations

Branches:
Dungeon (4/15)
 Temple: D:4-7

Altars:


Innate Abilities, Weirdness & Mutations

You are a hulking beast.
Your limbs bulge with bestial killing power. (Slay +2)
You cannot wear most types of armour.
You are amphibious.
You can wear up to eight rings at the same time.
Your skin changes colour to match your surroundings (Stealth+).
Your rubbery body absorbs attacks. (AC +1, EV +1)
((You are camouflaged when in or above water. (Stealth+)))
You have tentacles for arms and can constrict up to eight enemies at once.


Message History

Your Dodging skill increases to level 3!
No target in view!
No target in view!
No target in view!
You see here a +0 giant club.
A ball python comes into view.
You see here 9 gold pieces.
The ball python barely misses you. The ball python grabs you.
The ball python constricts you. The ball python bites you.
The ball python constricts you.
You bludgeon the ball python!
You kill the ball python!
Your Unarmed Combat skill increases to level 4!
No target in view!
No target in view!
No target in view!
No target in view!
No target in view!
No target in view!
No target in view!
No target in view!
No target in view!
No target in view!
A jelly comes into view.
The jelly hits you. The acid corrodes you!
You are splashed with acid!
You tentacle-slap the jelly.
Your tentacles burn!
You squeeze the jelly!
The jelly is moderately wounded.
The jelly hits you. The acid corrodes you!
You are splashed with acid!
You tentacle-slap the jelly.
Your tentacles burn!
* * * LOW HITPOINT WARNING * * *
You squeeze the jelly, but do no damage.
The jelly is moderately wounded.
The jelly closely misses you.
You tentacle-slap the jelly. The acid corrodes you!
Your tentacles burn!
* * * LOW HITPOINT WARNING * * *
The jelly is heavily wounded.
The jelly hits you.
* * * LOW HITPOINT WARNING * * *
You are splashed with acid!
You die...

≈~≈# ~≈~ ≈~≈ ~≈ #...
##.## #.... #...# # +....
#J#.#.# #....###h#<#.#
#........†...#
#............#
#......[.....# ####..###
.............# #........
.####........## #........
#....$......# #....≈...
#.........#+###....≈≈..
.##.............#....≈...


You could see a jelly.

Vanquished Creatures
  An ogre (D:4)
  2 adders
  4 gnolls (D:3)
  A dart slug (D:2)
  2 endoplasms
  2 giant cockroaches
  13 goblins
  11 hobgoblins
  8 jackals
  11 ball pythons
  7 bats
  6 frilled lizards
  2 kobolds
  6 rats
76 creatures vanquished.

Notes
Turn   | Place    | Note
-------+----------+-------------------------------------------
     0 | D:1      | Killerpretzel the Octopode Shapeshifter began the quest for
                  | the Orb.
     0 | D:1      | Reached XP level 1. HP: 13/13 MP: 1/1
   290 | D:1      | Reached XP level 2. HP: 18/18 MP: 2/2
   915 | D:2      | Reached XP level 3. HP: 10/23 MP: 3/3
  1607 | D:3      | Reached XP level 4. HP: 25/29 MP: 4/4
  2366 | D:3      | Reached XP level 5. HP: 21/34 MP: 5/5
  2866 | D:4      | Noticed an ogre
  2873 | D:4      | Killed an ogre
  2888 | D:4      | Splashed by a jelly's acid

Illustrated notes

Levels and vault maps discovered:
D:1:      wheals_arrival_linesprint, layout_basic, serial_forest,
          infiniplex_forest_lined_2, infiniplex_forest_straight_1,
          infiniplex_forest_straight_2, infiniplex_forest_clump_small,
          minmay_misc_feat_secret_circle, serial_bayou_crossing
D:2:      layout_loops_ring
D:3:      layout_basic, minmay_goblin_outpost
D:4:      layout_basic, serial_rivers, chequers_serial_rivers_small_3,
          chequers_serial_rivers_room_b, chequers_serial_rivers_small_b,
          chequers_serial_rivers_small_b

Skill      XL: |  1  2  3  4  5 |
---------------+----------------+-----
Fighting       | 2 |  2.4
Shapeshifting  | 4 |  4.3
Dodging        | 3 |  3.1
Unarmed Combat | 4 |  4.0

Action                     |  1- 3 |  4- 6 || total
---------------------------+-------+-------++-------
  Melee: Unarmed           |    71 |    66 ||   137
         Constrict         |    13 |    21 ||    34
         Tentacles         |     9 |    16 ||    25
         Punch             |     1 |     2 ||     3
    Use: Scroll            |     5 |     1 ||     6
   Stab: Sleeping          |    10 |     3 ||    13
 Armour: Skin              |    27 |    28 ||    55
  Dodge: Dodged            |    46 |    47 ||    93
